 Dungeon Crawl Stone Soup version 0.28-a0-1567-g1695149f81 (webtiles) character file.

Game seed: 13709088164228567677

68 comborobin the Ruffian (level 4, 0/31 HPs)
             Began as an Octopode Cinder Acolyte on Jan 20, 2022.
             Was a High Priest of Ignis.
             Succumbed to a scorpion's poison
             ... on level 4 of the Dungeon.
             The game lasted 00:01:30 (587 turns).

comborobin the Ruffian (Octopode Cinder Acolyte)     Turns: 587, Time: 00:01:31

Health: 0/31       AC:  1    Str: 13    XL:     4   Next: 19%
Magic:  5/5        EV: 12    Int: 18    God:    Ignis [*****.]
Gold:   0          SH:  0    Dex:  7    Spells: 5/5 levels left

rFire   + . .      SeeInvis .     - Unarmed
rCold   . . .      Faith    .   (no shield)
rNeg    . . .      Spirit   .   (helmet restricted)
rPois   .          Reflect  .   (no amulet)
rElec   .          Harm     .   b - ring of willpower
rCorr   .          Rampage  .   (no ring)
Will    +....                   (no ring)
Stlth   ++........              (no ring)
HPRegen 0.10/turn               (no ring)
MPRegen 0.09/turn               (no ring)
                                (no ring)
                                (no ring)

@: lethally poisoned (0 -> -18)
A: almost no armour, amphibious, 8 rings, camouflage 1, gelatinous body 1,
(nimble swimmer 1), tentacles
a: Renounce Religion, Fiery Armour, Foxfire Swarm, Rising Flame


You were on level 4 of the Dungeon.
You worshipped Ignis.
Ignis was extremely pleased with you.
You visited 1 branch of the dungeon, and saw 4 of its levels.

Inventory:

Jewellery
 b - a ring of willpower (left tentacle)
Scrolls
 a - a scroll of teleportation {unknown}


   Skills:
 - Level 3.0 Fighting
 + Level 4.9 Unarmed Combat
 - Level 1.0 Spellcasting
 - Level 3.0 Fire Magic


You had 5 spell levels left.
You didn't know any spells.
Your spell library contained the following spells:

 Spells                   Type           Power      Damage    Failure   Level
 Scorch                   Fire           22%        2d6       9%          2


Dungeon Overview and Level Annotations

Branches:
Dungeon (4/15)
 Temple: D:4-7

Altars:


Innate Abilities, Weirdness & Mutations

You cannot wear most types of armour.
You are amphibious.
You can wear up to eight rings at the same time.
Your skin changes colour to match your surroundings (Stealth+).
Your rubbery body absorbs attacks. (AC +1, EV +1)
((You are camouflaged when in or above water. (Stealth+)))
You have tentacles for arms and can constrict up to eight enemies at once.


Message History

You feel sick.
You are no longer poisoned.
You climb upwards.
There is a stone staircase leading down here.
You start resting.
Your fiery armour burns out.
You start resting.
HP restored.
You climb downwards.
There is a stone staircase leading up here.
No target in view!
You closely miss the scorpion. You grab the scorpion.
You constrict the scorpion, but do no damage.
The scorpion stings you!
You tentacle-slap the scorpion but do no damage.
You constrict the scorpion. The scorpion barely misses you.
You completely miss the scorpion.
The scorpion is lightly wounded.
You constrict the scorpion. The scorpion closely misses you.
You barely miss the scorpion. You squeeze the scorpion.
The scorpion is moderately wounded.
You constrict the scorpion. The scorpion closely misses you.
The scorpion stings you!
You are poisoned.
The scorpion poisons you!
You tentacle-slap the scorpion.
The scorpion is heavily wounded.
You constrict the scorpion, but do no damage.
You feel very sick. The scorpion stings you!
* * * LOW HITPOINT WARNING * * *
You are more poisoned.
The scorpion poisons you!
Unknown command.
You aren't carrying any potions.
Okay, then.
You tentacle-slap the scorpion.
The scorpion is severely wounded.
You constrict the scorpion.
You die...

#.# ... ..... ...
..... .
#.###.##.#.## .#
#.. ........ ..
#)# #.##.#.# .#
#.###.##.#.##..#.#
#.................
#.###.....@s...#
#.###.##.####.##
#.............#
#####.##.#######
#.##........
#.##.#######
#.##<..#####
#...........
############


You could see a scorpion.

Vanquished Creatures
  A scorpion (D:4)
  A worm (D:2)
  2 dart slugs
  An orc (D:4)
  A hobgoblin (D:1)
  A rat (D:2)
7 creatures vanquished.

Notes
Turn   | Place    | Note
-------+----------+-------------------------------------------
     0 | D:1      | comborobin the Octopode Cinder Acolyte began the quest for
                  | the Orb.
     0 | D:1      | Reached XP level 1. HP: 16/16 MP: 2/2
   163 | D:2      | Reached XP level 2. HP: 21/21 MP: 3/3
   266 | D:4      | Noticed a scorpion
   277 | D:4      | Killed a scorpion
   278 | D:4      | Reached skill level 4 in Unarmed Combat
   278 | D:4      | Reached XP level 3. HP: 11/26 MP: 4/4
   278 | D:4      | Reached XP level 4. HP: 13/31 MP: 5/5
   281 | D:4      | Noticed a scorpion
   587 | D:4      | Succumbed to a scorpion's poison

Illustrated notes

Levels and vault maps discovered:
D:1:      psy_arrival_radial01, layout_basic, ebering_ecumenical_altar_ruins
D:2:      kennysheep_the_goblin_king, layout_basic, nrook_uturn, uniq_robin,
          uniq_terence
D:3:      layout_loops_ring, serial_park_tiny_1, kennysheep_generic_room_2,
          uniq_grinder
D:4:      layout_basic, palyth_stone_intersect

Skill      XL: |  1  2 |
---------------+-------+-----
Unarmed Combat | 4 |  4.9
Fighting       | |  3.0
Spellcasting   | |  1.0
Fire Magic     | |  3.0

Action                   |  1- 3 |  4- 6 || total
-------------------------+-------+-------++-------
Melee: Unarmed           |    16 |     6 ||    22
       Constrict         |     6 |     1 ||     7
       Tentacles         |     3 |     1 ||     4
       Punch             |     1 |       ||     1
Invok: Fiery Armour      |     1 |       ||     1
 Stab: Sleeping          |     1 |       ||     1
Armor: Skin              |     1 |       ||     1
Dodge: Dodged            |     7 |     3 ||    10

Table legend: (Time is in decaauts)
 A = Elapsed time spent in this place.
 B = Non-inter-level travel time spent in this place.
 C = Inter-level travel time spent in this place.
 D = Time resting spent in this place.
 E = Time spent auto-exploring this place.
 F = Levels seen in this place.
 G = Mean time per level.
                   A        B        C        D        E       F      G
               +--------+--------+--------+--------+--------+-----+--------+
         Total |    586 |    554 |     32 |    290 |    154 |   4 |  146.5 |
       Dungeon |    586 |    554 |     32 |    290 |    154 |   4 |  146.5 |
               +--------+--------+--------+--------+--------+-----+--------+

Top non-repeatable levels by time:
     D:3: 360 daAuts
     D:2: 90 daAuts
     D:1: 84 daAuts
     D:4: 50 daAuts
